 Dungeon Crawl Stone Soup version 0.27.1-4-g1640c2035a (webtiles) character file.

Game seed: 6397358664690463841

6808 Crownlay the Thaumaturge (level 11, -4/62 HPs)
             Began as a Gargoyle Earth Elementalist on Nov 7, 2021.
             Was a Believer of Vehumet.
             Slain by a manticore (11 damage)
             ... on level 8 of the Dungeon.
             The game lasted 00:13:16 (8794 turns).

Crownlay the Thaumaturge (GrEE)                     Turns: 8794, Time: 00:13:17

Health: -4/62      AC: 14    Str: 19    XL:     11   Next: 5%
Magic:  19/26      EV: 11    Int: 24    God:    Vehumet [**....]
Gold:   285        SH:  4    Dex: 10    Spells: 29/33 levels left

rFire    . . .     SeeInvis .   h - +0 dagger
rCold    . . .     Faith    .   w - +0 buckler
rNeg     + . .     Spirit   .   b - +0 robe
rPois    ∞         Reflect  .   z - +0 helmet
rElec    +         Harm     .   I - +0 cloak
rCorr    .         Rampage  .   s - +0 pair of gloves
Will     .....                  p - +0 pair of boots
Stlth    ++........             (no amulet)
HPRegen  0.20/turn              g - +6 ring of intelligence
MPRegen  0.20/turn              J - +6 ring of strength

@: no status effects
A: sickness immunity, AC +8, negative energy resistance 1, electricity
resistance, torment resistance 1, petrification resistance
a: Renounce Religion


You were on level 8 of the Dungeon.
You worshipped Vehumet.
Vehumet was pleased with you.
You visited 1 branch of the dungeon, and saw 8 of its levels.

You collected 285 gold pieces.

Inventory:

Hand Weapons
 h - a +0 dagger (weapon)
Missiles
 B - 3 stones
 D - 3 silver boomerangs
Armour
 b - a +0 robe (worn)
 p - a +0 pair of boots (worn)
 s - a +0 pair of gloves (worn)
 w - a +0 buckler (worn)
 z - a +0 helmet (worn)
 I - a +0 cloak (worn)
Magical Staves
 L - a staff of cold
Jewellery
 g - a +6 ring of intelligence (left hand)
 t - a ring of flight
 y - a ring of positive energy
 J - a +6 ring of strength (right hand)
Wands
 c - a wand of charming (5)
 e - a wand of iceblast (8)
Scrolls
 a - a scroll of blinking {unknown}
 f - 7 scrolls of amnesia
 j - 2 scrolls of fog
 k - a scroll of identify
 m - a scroll of enchant armour {unknown}
 q - a scroll of magic mapping {unknown}
 v - 2 scrolls of immolation
 x - a scroll of fear {unknown}
 A - 3 scrolls of teleportation
 C - a scroll of torment {unknown}
 F - 2 scrolls of enchant weapon
 G - a scroll of holy word {unknown}
Potions
 d - a potion of flight {unknown}
 i - 3 potions of mutation
 l - a potion of invisibility {unknown}
 o - a potion of heal wounds {unknown}
 r - a potion of haste {unknown}
 u - 3 potions of attraction
 E - 2 potions of resistance
 H - a potion of degeneration {unknown}
 K - a potion of curing


   Skills:
 + Level 4.9 Fighting
 - Level 1.5 Dodging
 - Level 2.1 Stealth
 - Level 4.0 Shields
 * Level 11.5 Spellcasting
 + Level 4.9 Conjurations
 - Level 0.7 Transmutations
 - Level 10.0 Earth Magic


You had 29 spell levels left.
You knew the following spells:

 Your Spells              Type           Power      Damage    Failure   Level
a - Sandblast             Erth           100%       2d20      1%          1
b - Stone Arrow           Conj/Erth      98%        3d13      1%          3

Your spell library contained the following spells:

 Spells                   Type           Power      Damage    Failure   Level
 Freeze                   Ice            52%        1d7       4%          1
 Passwall                 Tmut/Erth      32%        N/A       1%          2
 Wereblood                Tmut           17%        N/A       4%          2
 Petrify                  Tmut/Erth      39%        N/A       4%          4
 Leda's Liquefaction      Hex/Erth       18%        N/A       6%          4
 Bolt of Magma            Conj/Fire/Erth 18%        4d10      16%         5
 Summon Hydra             Summ           6%         N/A       100%        7
 Sublimation of Blood     Necr           Unusable   N/A       N/A         2
 Statue Form              Tmut/Erth      Unusable   N/A       N/A         6

Dungeon Overview and Level Annotations

Branches:
Dungeon (8/15)             Temple (0/1) D:6
   Lair: D:8-11

Altars:
Cheibriados
Dithmenos
Fedhas
Nemelex Xobeh
Sif Muna
Trog
Vehumet
Wu Jian
Xom
The Shining One


Innate Abilities, Weirdness & Mutations

You are immune to sickness and miasma.
Your stone body is resilient. (AC +8)
You are immune to poison.
You resist negative energy. (rN+)
You are resistant to electric shocks. (rElec)
You are resistant to unholy torment.
You are immune to petrification.


Message History

Aiming: Sandblast (safe; 1% risk of failure)
Press: ? - help, Shift-Dir - straight line, f/p - centaur
Aim: a centaur, wielding a +0 hand axe, wearing a ring of ice and quivering arrows (heavily wounded, 90% to hit)
The blast of sand hits the centaur!
You kill the centaur!
Vehumet accepts your kill.
You feel your power returning.
A manticore comes into view.
Casting: Sandblast (safe; 1% risk of failure)
Confirm with . or Enter, or press ? or * to list all spells.
Aiming: Stone Arrow (safe; 1% risk of failure)
Press: ? - help, Shift-Dir - straight line, f - manticore
Aim: a manticore (85% to hit)
The stone arrow hits the manticore.
The manticore is lightly wounded.
The manticore bites you!
* * * LOW HITPOINT WARNING * * *
The manticore claws you but does no damage.
The manticore claws you!
* * * LOW HITPOINT WARNING * * *
Okay, then.
Okay, then.
Okay, then.
It was a potion of curing.
You feel better.
The manticore bites you but does no damage.
The manticore claws you.
* * * LOW HITPOINT WARNING * * *
The manticore claws you but does no damage.
Okay, then.
Okay, then.
Okay, then.
Press: ? - help, v - describe, . - travel, g - get item
Here: a manticore (lightly wounded)
Items here: $ ( )) = †.
The floor.
Aiming: Charm
Press: ? - help, Shift-Dir - straight line, f/p - manticore
Aim: a manticore (lightly wounded, chance to affect: 28%)
The manticore easily resists.
The manticore bites you!
You die...

♣.♣♣#♣.♣)♣#♣.♣.♣#
♣....♣♣♣)÷.♣)♣.#
♣.♣♣#♣.♣.♣#♣.♣.♣#
♣♣.♣♣#.♣.♣.#.# .# #.#
#♣♣.♣♣#.# ..# .♣♣ ♣.♣♣# ♣†♣
#.# ..# ...♣# ♣.♣.# ♣.♣ #.#
#.#.....#.♣.♣)#♣♣.♣♣#.#
#####.#.....#...@.#♣.†.♣#.#
).....#... #.###H#♣...♣#.##
......#.♣♣ ## ##♣...♣#..#
.......♣.♣ #♣...♣...#
.....)..♣ #........#
.).....♣.♣ #♣...♣...#
.##...#.♣♣ ♣...♣#..#
.####.#... ♣...♣#..#
......# .... ♣...♣#..#


You could see a manticore.

Vanquished Creatures
  A two-headed ogre (D:8)
  3 slime creatures (D:8)
  A wyvern (D:8)
  7 yaks (D:8)
  Menkaure (D:7)
  A vampire mosquito (D:8)
  A water moccasin (D:8)
  2 hornet zombies
  2 orc warriors (D:8)
  4 black bears
  7 ice beasts
  2 sky beasts (D:6)
  6 ogres
  A centaur (D:8)
  A phantom (D:6)
  A kobold brigand (D:8)
  4 bullfrogs
  A scorpion (D:7)
  2 wyvern zombies (D:8)
  A water moccasin zombie (D:6)
  A water moccasin skeleton (D:6)
  2 jellies (D:5)
  6 killer bees (D:7)
  A howler monkey (D:7)
  2 centaur zombies (D:8)
  2 orc priests
  2 bullfrog skeletons (D:5)
  A gnoll shaman (D:8)
  2 hounds
  A centaur skeleton (D:5)
  Jessica (D:3)
  4 iguanas
  9 orc wizards
  2 killer bee zombies (D:8)
  2 hound skeletons
  A howler monkey zombie (D:8)
  6 adders
  3 gnolls (D:8)
  A howler monkey skeleton (D:6)
  A shadow imp (D:8)
  An ufetubus (D:5)
  A worm (D:2)
  5 dart slugs
  19 orcs
  9 ball pythons
  7 bats
  3 endoplasms
  7 giant cockroaches
  3 goblins (D:3)
  10 hobgoblins
  3 kobolds
  6 quokkas
  4 frilled lizards
  6 rats
183 creatures vanquished.

Notes
Turn   | Place    | Note
-------+----------+-------------------------------------------
     0 | D:1      | Crownlay the Gargoyle Earth Elementalist began the quest
                  | for the Orb.
     0 | D:1      | Reached XP level 1. HP: 10/10 MP: 3/3
   538 | D:1      | Reached XP level 2. HP: 1/15 MP: 0/5
   897 | D:1      | Found a faded altar of an unknown god.
  1441 | D:1      | Reached XP level 3. HP: 18/19 MP: 7/7
  1727 | D:1      | Reached skill level 3 in Spellcasting
  2652 | D:2      | Reached XP level 4. HP: 20/24 MP: 5/9
  3141 | D:2      | You fall into a shaft and drop 1 floor!
  3141 | D:3      | Noticed Jessica
  3148 | D:3      | Killed Jessica
  3158 | D:3      | Found a shimmering blue altar of Sif Muna.
  3269 | D:3      | Found a snail-covered altar of Cheibriados.
  3269 | D:3      | Found a blossoming altar of Fedhas.
  3269 | D:3      | Found an ornate altar of the Wu Jian Council.
  3269 | D:3      | Found a sparkling altar of Nemelex Xobeh.
  3325 | D:3      | Reached skill level 4 in Spellcasting
  3325 | D:3      | Reached XP level 5. HP: 28/28 MP: 8/11
  3349 | D:3      | Found a bloodstained altar of Trog.
  3430 | D:3      | Found a shimmering altar of Xom.
  3475 | D:3      | Noticed an ogre
  3482 | D:3      | Killed an ogre
  3483 | D:3      | Reached skill level 5 in Earth Magic
  3643 | D:3      | Reached XP level 6. HP: 32/32 MP: 8/13
  3827 | D:3      | Learned a level 3 spell: Stone Arrow
  4323 | D:4      | Reached skill level 5 in Spellcasting
  4349 | D:4      | Noticed a black bear
  4353 | D:4      | Killed a black bear
  4580 | D:4      | Reached XP level 7. HP: 36/36 MP: 12/15
  4823 | D:5      | Entered Level 5 of the Dungeon
  4853 | D:5      | Found a glowing golden altar of the Shining One.
  4887 | D:5      | Reached skill level 6 in Spellcasting
  5113 | D:5      | Reached XP level 8. HP: 41/41 MP: 15/18
  5144 | D:5      | Found a radiant altar of Vehumet.
  5150 | D:5      | Became a worshipper of Vehumet
  5669 | D:5      | Reached skill level 7 in Spellcasting
  6058 | D:6      | Found a staircase to the Ecumenical Temple.
  6294 | D:6      | Reached skill level 8 in Spellcasting
  6488 | D:6      | Reached XP level 9. HP: 45/45 MP: 14/21
  6861 | D:7      | Reached skill level 9 in Spellcasting
  6928 | D:7      | Reached * piety under Vehumet
  6928 | D:7      | Offered knowledge of Shock by Vehumet.
  7276 | D:7      | Found a shadowy altar of Dithmenos.
  7658 | D:7      | Noticed Menkaure
  7661 | D:7      | Killed Menkaure
  7856 | D:8      | Reached skill level 10 in Spellcasting
  7860 | D:8      | Reached skill level 10 in Earth Magic
  7860 | D:8      | Reached XP level 10. HP: 51/51 MP: 13/24
  7924 | D:8      | Reached skill level 1 in Fighting
  7924 | D:8      | Reached skill level 1 in Conjurations
  8169 | D:8      | Offered knowledge of Freeze by Vehumet.
  8173 | D:8      | Reached ** piety under Vehumet
  8500 | D:8      | Reached skill level 11 in Spellcasting
  8784 | D:8      | Noticed a two-headed ogre
  8788 | D:8      | Killed a two-headed ogre
  8789 | D:8      | Reached XP level 11. HP: 20/62 MP: 21/26
  8791 | D:8      | Noticed a manticore
  8794 | D:8      | Slain by a manticore

Illustrated notes

Levels and vault maps discovered:
D:1:      mushboom_english_gardens, layout_basic,
          hellmonk_ecumenical_altar_lost_god
D:2:      layout_loops_ring, uniq_crazy_yiuf_cottage, uniq_natasha
D:3:      layout_basic, mainiacjoe_overflow_alcove_4,
          chequers_temple_overflow_statue_of_worship,
          mainiacjoe_overflow_surrounded_room, tgw_sif
D:4:      layout_basic
D:5:      layout_gridville, old_standard_altar, nicolae_tso_swordbearing_angel
D:6:      layout_rooms, minmay_temple_entry_large_hall, minmay_strange_pillars
D:7:      layout_basic, grunt_dithmenos_smoke, minmay_curled_crystal,
          chequers_serial_rivers_room_b, hangedman_abyss_or_decor_stabs,
          uniq_menkaure
D:8:      nzn_winding_woodlands_medium [nzn_winding_woodlands_5x5_checkerboard,
          nzn_winding_woodlands_5x15_default, nzn_winding_woodlands_5x5_three,
          nzn_winding_woodlands_5x5_closed_star,
          nzn_winding_woodlands_center_pierced_h,
          nzn_winding_woodlands_hourglass, nzn_winding_woodlands_5x5_cross,
          nzn_winding_woodlands_5x15_parted,
          nzn_winding_woodlands_5x5_open_star], layout_gridville,
          mainiacjoe_overflow_alcove_2, serial_shops,
          nicolae_shop_temple_entry_statues_fountains

Skill      XL: |  1  2  3  4  5  6  7  8  9 10 |
---------------+-------------------------------+-----
Earth Magic    | 4 5 6 7 8 10 | 10.0
Spellcasting   | 3 4 5 6 8 10 11 | 11.5
Shields        | 4 |  4.0
Fighting       | 4 |  4.9
Conjurations   | 4 |  4.9
Dodging        | |  1.5
Stealth        | |  2.1
Transmutations | |  0.7

Action                   |  1- 3 |  4- 6 |  7- 9 | 10-12 || total
-------------------------+-------+-------+-------+-------++-------
Melee: Unarmed           |    48 |       |       |       ||    48
       Dagger            |   115 |    83 |     1 |    12 ||   211
 Cast: Sandblast         |    30 |    36 |    86 |    93 ||   245
       Stone Arrow       |       |     1 |    40 |    22 ||    63
Evoke: Wand              |       |       |       |     1 ||     1
  Use: Scroll            |       |       |    10 |       ||    10
       Potion            |       |       |       |     1 ||     1
 Stab: Sleeping          |     8 |     1 |       |       ||     9
Armor: Robe              |    73 |    31 |    23 |    37 ||   164
Dodge: Dodged            |   103 |    61 |    35 |    28 ||   227
Block: Buckler           |       |       |    11 |    13 ||    24
